 Dungeon Crawl Stone Soup version 0.17.1-1-g73c8601 (webtiles) character file.

13983 Clownie the Blocker (level 12, -8/89 HPs)
             Began as a Formicid Fighter on Dec 23, 2015.
             Was a Believer of the Shining One.
             Killed from afar by a raiju (9 damage)
             ... with a living lightning
             ... on level 1 of the Abyss.
             The game lasted 00:19:25 (15663 turns).

Clownie the Blocker (Formicid Fighter)             Turns: 15663, Time: 00:19:25

Health: -8/89      AC: 12    Str: 25 (27) XL:     12   Next: 39%
Magic:  8/10       EV:  7    Int:  2 (5)  God:    the Shining One [**....]
Gold:   1455       SH: 14    Dex: 16      Spells: 0 memorised, 11 levels left

rFire  . . .     SeeInvis +     a - +1 war axe
rCold  + . .     Clarity  .     G - +0 plate armour (curse)
rNeg   + . .     SustAt   .     c - +0 shield
rPois  .         Gourm    .     (helmet unavailable)
rElec  .         Spirit   .     w - +0 cloak
rCorr  .         Warding  .     x - +0 pair of gloves
rMut   .         Stasis   +     (no boots)
MR     ++...                    (no amulet)
Stlth  ..........               p - ring of the Empire {MR+ Dex+4}
                                i - ring of stealth

@: glowing, very resistant to hostile enchantments, extremely unstealthy
A: permanent stasis, dig shafts and tunnels, four strong arms, antennae 3, thin
skeletal structure 1, agile 1, clumsy 1, cold resistance 1, deformed body,
deterioration 2, dopey 2, low mp 1, robust 1, spit poison 1, strong 1,
MP-powered wands
a: Dig, Shaft Self, Spit Poison, Divine Shield, Renounce Religion


You were on level 1 of the Abyss.
You worshipped the Shining One.
The Shining One was pleased with you.
You were near starving.

You visited 3 branches of the dungeon, and saw 14 of its levels.
You visited the Abyss 1 time.
You also visited: Ossuary.

You collected 1455 gold pieces.

Inventory:

Hand Weapons
 a - a +1 war axe (weapon)
 u - a +0 great mace
Armour
 c - a +0 shield (worn)
 w - a +0 cloak (worn)
 x - a +0 pair of gloves (worn)
 G - a cursed +0 plate armour (worn)
Jewellery
 i - a ring of stealth (left hand)
 p - the ring of the Empire (right hand) {MR+ Dex+4}
   (You found it on level 10 of the Dungeon)

   [ring of protection from magic]

   It affects your dexterity (+4).
   It affects your resistance to hostile enchantments.
Wands
 b - a wand of fire (0)
Scrolls
 k - a scroll of fog
 m - 3 scrolls of magic mapping
 o - 5 scrolls of remove curse
 r - 2 scrolls of amnesia
 y - a scroll of recharging
 A - a scroll of immolation
Potions
 g - a potion of resistance {unknown}
 h - a potion of brilliance
 l - a potion of cure mutation
 n - a potion of invisibility
 q - 3 potions of flight
 s - a potion of cancellation
Comestibles
 d - 2 meat rations
 e - 8 bread rations
 f - 3 beef jerkies
 j - 29 fruits
 E - a slice of pizza


   Skills:
 - Level 3.2 Fighting
 + Level 11.3 Axes
 + Level 10.9 Armour
 + Level 14.6 Shields


You had 11 spell levels left.
You didn't know any spells.

Dungeon Overview and Level Annotations

Branches:
Dungeon (10/15)            Temple (1/1) D:6            Lair (0/8) D:10
    Orc (3/4) D:9
    Elf: Orc:3-4

Altars:
Ashenzari
Cheibriados
Dithmenos
Elyvilon
Fedhas
Gozag
Kikubaaqudgha
Makhleb
Nemelex Xobeh
Okawaru
Qazlal
Ru
Sif Muna
Trog
Vehumet
Xom
Yredelemnul
Zin
The Shining One

Shops:
Orc:1 =

Annotations:
Orc:3 Sonja


Innate Abilities, Weirdness & Mutations

You are under a permanent stasis effect.
You can dig through walls and to a lower floor.
Your four strong arms can wield two-handed weapons with a shield.
You have a pair of large antennae on your head (SInv).
You have a somewhat thin skeletal structure (Dex +2, Stealth).
You are agile. (Dex +2)
Your flesh is cold resistant.
Your magical capacity is low (-10% MP).
You are robust (+10% HP).
You can spit weak poison.
Your muscles are strong. (Str +2)
[You are clumsy. (Dex -2)]
[Armour fits poorly on your strangely shaped body.]
[Your body often deteriorates upon taking damage.]
[You are very dopey. (Int -4)]
[You expend magic power (3 MP) to strengthen your wands.]


Message History

The Shining One accepts your kill.
The Executioner is lost in a daze. x2
The raiju bursts into living lightning!
The living lightning misses you.
The raiju blinks!
The raiju bursts into living lightning!
The living lightning hits you!
* * * LOW HITPOINT WARNING * * *
Your body deteriorates!
You feel dopey. The living lightning hits you!
* * * LOW HITPOINT WARNING * * *
The raiju blinks!
Unknown command.
You retract your mandibles.
You hit the raiju.
The raiju is lightly wounded.
The raiju bursts into living lightning!
The living lightning hits you!
* * * LOW HITPOINT WARNING * * *
Your body deteriorates!
You feel weakened. The living lightning hits you!
You die...

#..#...####....
.. ..#...# . ..
#.....# .### ##
#.#.###.. #
#.#####.#.# ..
#. # # ....
.....###{.
###.#.....# . #
#§h##..#.## ..
#.§h@§##.# {
###.#.h.1#
#.......#...
#.##.#.......
#. .. #.#.... #
#.. .# ... #..
.# ... ... .#
.. ...#


You could see an Executioner (dazed) and 3 raiju.

Vanquished Creatures
  Erolcha (D:9)
  The ghost of Clownie the Blocker, a novice FoFi of the Shining One (D:8)
  An unseen horror (D:10)
  An orc knight (Orc:1)
  2 hill giants (D:10)
  2 trolls
  A tengu conjurer (D:10)
  Grinder (D:3)
  15 yaks
  2 wyverns (D:10)
  The ghost of smajdalf the Tainter, an amateur NaVM (D:3)
  A hungry ghost (D:10)
  3 hippogriffs
  A steam dragon (D:9)
  A warg (Orc:3)
  A wasp (D:10)
  4 ice beasts
  3 phantoms
  6 centaurs
  2 sky beasts
  6 orc warriors
  A necrophage (D:5)
  2 crocodiles (D:8)
  5 giant frogs
  7 ogres
  Blork the orc (D:6)
  A big kobold (D:9)
  2 elf skeletons (D:5)
  A gnoll sergeant (D:8)
  4 scorpions
  6 killer bees (D:9)
  17 orc priests
  3 centaur zombies
  6 crimson imps
  2 giant frog zombies
  3 jellies
  2 iguanas
  3 hounds
  3 human zombies
  An iron imp (Abyss:1)
  21 orc wizards
  A human skeleton (D:5)
  5 worker ants
  A hound zombie (D:10)
  4 mummies (Ossuary)
  2 worker ant zombies
  10 gnolls
  8 adders
  A shadow imp (D:7)
  An adder zombie (D:9)
  3 worms
  85 orcs
  2 ball pythons
  5 giant cockroaches
  2 gnoll zombies (Ossuary)
  10 hobgoblins
  6 jackals
  9 kobolds
  3 quokkas
  8 bats
  4 giant geckos
  A giant gecko skeleton (D:6)
  7 giant newts
  15 goblins
  A goblin zombie (Ossuary)
  A hobgoblin zombie (Ossuary)
  2 jackal zombies (Ossuary)
  A kobold zombie (Ossuary)
  2 orc skeletons (D:5)
  11 rats
  3 rat zombies (Ossuary)
361 creatures vanquished.

Vanquished Creatures (others)
  An orc (D:9)
1 creature vanquished.

Grand Total: 362 creatures vanquished

Notes
Turn   | Place    | Note
--------------------------------------------------------------
     0 | D:1      | Clownie the Formicid Fighter began the quest for the Orb.
     0 | D:1      | Reached XP level 1. HP: 18/18 MP: 1/1
    33 | D:1      | Reached skill level 4 in Shields
    33 | D:1      | Reached XP level 2. HP: 8/24 MP: 2/2
   530 | D:1      | Reached XP level 3. HP: 29/29 MP: 3/3
   684 | D:1      | Reached skill level 5 in Shields
  1264 | D:2      | Reached XP level 4. HP: 33/35 MP: 4/4
  1638 | D:2      | Found a shimmering altar of Xom.
  1674 | D:2      | Reached skill level 6 in Shields
  2142 | D:3      | Noticed smajdalf's ghost (amateur NaVM)
  2142 | D:3      | Reached XP level 5. HP: 41/41 MP: 5/5
  2161 | D:3      | Killed smajdalf's ghost
  2161 | D:3      | Reached skill level 7 in Shields
  2161 | D:3      | Reached XP level 6. HP: 9/47 MP: 6/6
  2386 | D:3      | Reached skill level 8 in Shields
  2894 | D:3      | Noticed Grinder
  2918 | D:3      | Killed Grinder
  2918 | D:3      | Reached skill level 9 in Shields
  2918 | D:3      | Reached XP level 7. HP: 25/52 MP: 7/7
  3464 | D:4      | Found a shimmering altar of Xom.
  3649 | D:4      | Reached skill level 10 in Shields
  3800 | D:5      | Entered Level 5 of the Dungeon
  3844 | D:5      | Found a sand-covered staircase.
  3856 | D:5      | Reached XP level 8. HP: 49/58 MP: 8/8
  3860 | Ossuary  | Entered an ossuary
  4236 | Ossuary  | Reached skill level 11 in Shields
  4957 | D:5      | Noticed a yak
  4958 | D:5      | Noticed a yak
  4973 | D:5      | Noticed a yak
  4974 | D:5      | Noticed a yak
  4993 | D:4      | Killed a yak
  5181 | D:5      | Reached skill level 5 in Axes
  5223 | D:5      | Reached XP level 9. HP: 36/64 MP: 9/9
  5772 | D:5      | Killed a yak
  5778 | D:5      | Killed a yak
  5784 | D:5      | Killed a yak
  5784 | D:5      | Reached skill level 5 in Armour
  5959 | D:5      | Got a crystal war axe
  5960 | D:5      | Identified the +2 war axe "Ofyir" {drain, SInv} (You found it on level 5 of the Dungeon)
  6875 | D:6      | Reached XP level 10. HP: 33/70 MP: 10/10
  6883 | D:6      | Reached skill level 12 in Shields
  7081 | D:6      | Noticed Blork the orc
  7086 | D:6      | Killed Blork the orc
  7131 | D:6      | Found a glowing silver altar of Zin.
  7133 | D:6      | Found an iron altar of Okawaru.
  7209 | D:6      | Found a burning altar of Makhleb.
  7209 | D:6      | Found a white marble altar of Elyvilon.
  7212 | D:6      | Found an ancient bone altar of Kikubaaqudgha.
  7221 | D:6      | Became a worshipper of Elyvilon the Healer
  7687 | D:6      | Found a staircase to the Ecumenical Temple.
  7860 | Temple   | Entered the Ecumenical Temple
  8244 | D:7      | Reached * piety under Elyvilon
  8795 | D:8      | Noticed Clownie's ghost (novice FoFi)
  9055 | D:8      | Killed Clownie's ghost
  9133 | D:8      | Gained mutation: You are robust (+10% HP). [potion of mutation]
  9133 | D:8      | Gained mutation: You can spit weak poison. [potion of mutation]
  9133 | D:8      | Gained mutation: You are agile. (Dex +2) [potion of mutation]
  9134 | D:8      | Gained mutation: Your magical capacity is low (-10% MP). [potion of mutation]
  9134 | D:8      | Gained mutation: You have a somewhat thin skeletal structure (Dex +2, Stealth). [potion of mutation]
  9134 | D:8      | Gained mutation: Your muscles are strong. (Str +2) [potion of mutation]
  9135 | D:8      | Gained mutation: Your flesh is cold resistant. [potion of beneficial mutation]
  9484 | D:8      | Reached XP level 11. HP: 82/82 MP: 9/9
  9835 | D:9      | Reached ** piety under Elyvilon
  9835 | D:9      | Noticed Erolcha
  9861 | D:9      | Killed Erolcha
  9861 | D:9      | Reached skill level 13 in Shields
 10465 | D:9      | Reached skill level 10 in Axes
 10686 | D:9      | Found a staircase to the Orcish Mines.
 11259 | D:9      | Found a glowing golden altar of the Shining One.
 11271 | D:9      | Fell from the grace of Elyvilon
 11271 | D:9      | Became a worshipper of the Shining One
 11271 | D:9      | Reached * piety under the Shining One
 11606 | D:10     | Entered Level 10 of the Dungeon
 11685 | D:10     | Noticed an unseen horror
 11779 | D:10     | Found a staircase to the Lair.
 11784 | D:10     | Got a steaming ivory ring
 11785 | D:10     | Identified the ring of the Empire {MR+ Dex+4} (You found it on level 10 of the Dungeon)
 12467 | D:10     | Noticed a hill giant
 12609 | D:10     | Killed a hill giant
 12610 | D:10     | Reached skill level 10 in Armour
 12919 | D:10     | Noticed a hill giant
 12947 | D:10     | Killed a hill giant
 12947 | D:10     | Reached skill level 14 in Shields
 12974 | D:10     | Noticed an unseen horror
 12976 | D:10     | Killed an unseen horror
 12976 | D:10     | Reached XP level 12. HP: 28/89 MP: 10/10
 13588 | Orc:1    | Entered Level 1 of the Orcish Mines
 14157 | Orc:1    | Found Hotuh's Jewellery Boutique.
 14287 | Orc:1    | Reached ** piety under the Shining One
 14793 | Orc:3    | Noticed Sonja
 15476 | Orc:3    | Cast into the Abyss (Sonja)
 15638 | Abyss:1  | Noticed a wretched star
 15662 | Abyss:1  | Noticed an Executioner
 15663 | Abyss:1  | HP: 1/89 [raiju/living lightning (16)]
 15663 | Abyss:1  | Killed from afar by a raiju

Action                   |  1- 3 |  4- 6 |  7- 9 | 10-12 || total
-------------------------+-------+-------+-------+-------++-------
Melee: War axe           |    97 |   134 |   373 |   905 ||  1509
Invok: Lesser Healing    |       |       |       |     2 ||     2
 Abil: Dig               |       |       |     5 |     8 ||    13
Evoke: Wand              |       |       |       |     4 ||     4
  Use: Potion            |       |     7 |       |     8 ||    15
       Scroll            |       |       |     4 |    14 ||    18
 Stab: Invisible         |       |       |       |     2 ||     2
  Eat: Chunk             |     1 |     5 |     7 |    25 ||    38
       Bread ration      |       |       |     2 |       ||     2
       Fruit             |       |       |     1 |       ||     1
       Royal jelly       |       |       |       |     1 ||     1
